 Dungeon Crawl Stone Soup version 0.31.0-9-g3a7656b989 (webtiles) character file.

Game seed: 8228458238090914830

124 qw the Shooter (level 4, -1/23 HPs)
             Began as a Spriggan Hunter on Feb 2, 2024.
             Slain by a black bear (2 damage)
             ... on level 4 of the Dungeon.
             The game lasted 00:00:07 (2020 turns).

qw the Shooter (Spriggan Hunter)                    Turns: 2020, Time: 00:00:08

Health: -1/23      AC:  2    Str:  7    XL:     4   Next: 81%
Magic:  5/5        EV: 20    Int: 10    God:
Gold:   221        SH:  0    Dex: 20    Spells: 3/3 levels left

rFire   . . .        a - +1 shortbow
rCold   . . .        (shield currently unavailable)
rNeg    . . .        c - +0 robe
rPois   .            (helmet restricted)
rElec   .            (no cloak)
rCorr   .            (gloves unavailable)
SInv    +            (boots unavailable)
Will    .....        (no amulet)
Stlth   ++           (no ring)
HPRegen 0.23/turn    (no ring)
MPRegen 0.09/turn

%: no passive effects
@: about to teleport, very quick
A: very small, no large weapons, unfitting armour, see invisible, speed 3
a: no special abilities


You were on level 4 of the Dungeon.
You visited 1 branch of the dungeon, and saw 4 of its levels.

You collected 221 gold pieces.


Innate Abilities, Weirdness & Mutations

You are very small and have problems with some larger weapons.
You are too small for most types of armour.
You have supernaturally acute eyesight. (SInv)
You cover ground extremely quickly. (Speed+++)


   Skills:
 + Level 1.8 Fighting
 - Level 5.1 Ranged Weapons
 - Level 5.1 Dodging
 - Level 1.5 Stealth


You had 3 spell levels left.
You didn't know any spells.
Your spell library was empty.

Inventory:

Hand Weapons
 a - a +1 shortbow (weapon)
Armour
 c - a +0 robe (worn)
Potions
 b - a potion of might
 f - a potion of enlightenment {unknown}
 i - a potion of degeneration {unknown}

Dungeon Overview and Level Annotations

Branches:
Dungeon (4/15)
 Temple: D:4-7

Altars:

Annotations:
D:4 Pikel


Message History

You hear a shout!
You shoot an arrow. The arrow hits the lemure!
The lemure is almost dead.
You hear a shout!
You shoot an arrow. The arrow hits the lemure!
You kill the lemure!
That felt strangely unrewarding.
Pikel, Merchant of Souls comes into view.
He is wielding a +1 whip of freezing.
You shoot an arrow. The arrow hits the black bear!
The black bear is moderately wounded.
A lemure comes into view.
The black bear closely misses you. x2; The black bear claws you.
The black bear misses you. x2; The black bear completely misses you.
The lemure moves out of view.
You shoot an arrow. The arrow hits the black bear!
The black bear is heavily wounded.
The black bear bites you. The black bear closely misses you.
The black bear barely misses you.
You shoot an arrow. The arrow hits the black bear.
The black bear is severely wounded.
The black bear barely misses you. The black bear claws you.
The black bear barely misses you.
You shoot an arrow. The arrow hits the black bear.
The black bear is severely wounded.
Pikel says, "You'll make a fine lemure."
The black bear goes berserk!
You shoot an arrow. The arrow hits the black bear.
The black bear is severely wounded.
The black bear bites you but does no damage.
The black bear completely misses you. x3; The black bear barely misses you. x2
You shoot an arrow. The arrow hits the black bear.
The black bear is almost dead.
The black bear misses you. The black bear barely misses you. x2
The black bear bites you! The black bear barely misses you.
The black bear claws you!
2020 ||| READING scroll of teleportation.
As you read the scroll of teleportation, it crumbles to dust.
You feel strangely unstable. The black bear bites you.
You die...

#. ..#.#.#.#
.#.#.#.# .......
#...#.# # #...#.#
#.##.
#...#.#####..?...
#...#....@hK#
#..<#.#####5#
#......5......
#....#.....5.....
#.#...........
...
#...########## ..
#### #


You could see Pikel, a black bear (berserk) and a lemure.

Vanquished Creatures
  A lemure (D:4)
  7 adders
  2 dart slugs (D:2)
  2 ribbon worms (D:2)
  3 endoplasms
  A giant cockroach (D:2)
  3 goblins
  4 hobgoblins
  3 jackals (D:3)
  3 quokkas
  8 ball pythons
  5 bats
  3 frilled lizards
  6 kobolds
  6 rats
57 creatures vanquished.

Notes
Turn   | Place    | Note
-------+----------+-------------------------------------------
     0 | D:1      | qw the Spriggan Hunter began the quest for the Orb.
     0 | D:1      | Reached XP level 1. HP: 10/10 MP: 2/2
     0 | D:1      | 0 ||| qw: Version: 0.3-a-155-g5e7d8dd
     0 | D:1      | 0 ||| qw: Game counter: 1100
     0 | D:1      | 0 ||| qw: Melee chars always use a shield: true
     0 | D:1      | 0 ||| qw: God list: Okawaru
     0 | D:1      | 0 ||| qw: Allow faded altars: false
     0 | D:1      | 0 ||| qw: Do Orc after clearing Dungeon:15 true
     0 | D:1      | 0 ||| qw: Do second Lair branch before Depths: true
     0 | D:1      | 0 ||| qw: Lair rune preference: random
     0 | D:1      | 0 ||| qw: Goals: Normal
     0 | D:1      | 0 ||| PLANNING D:1-11
    78 | D:1      | Reached skill level 3 in Dodging
   224 | D:1      | Reached XP level 2. HP: 14/14 MP: 3/3
  1062 | D:1      | 1062 ||| READING scroll labelled DAOREXAWNE.
  1067 | D:1      | 1067 ||| READING scroll labelled FUSHRO JOHEDD.
  1068 | D:1      | 1068 ||| DROPPING scroll of butterflies.
  1230 | D:2      | Reached XP level 3. HP: 18/18 MP: 4/4
  1557 | D:2      | Reached XP level 4. HP: 22/22 MP: 5/5
  1610 | D:2      | 1610 ||| READING 2 scrolls labelled VUOLAAKOTOWN.
  1611 | D:2      | 1611 ||| READING scroll labelled OPPUES UTIUD.
  1612 | D:2      | 1612 ||| READING scroll labelled YFEATH GIOCS.
  1612 | D:2      | 1612 ||| IDENTIFYING viscous blue potion
  1613 | D:2      | 1613 ||| DROPPING scroll of noise.
  1614 | D:2      | 1614 ||| DROPPING potion of attraction.
  1976 | D:3      | 1976 ||| READING scroll of identify.
  1976 | D:3      | 1976 ||| IDENTIFYING inky potion
  1977 | D:3      | 1977 ||| READING scroll labelled DICZITOODD.
  1977 | D:3      | 1977 ||| ENCHANTING +0 shortbow.
  1978 | D:3      | 1978 ||| READING scroll labelled OFU AFETADOXZO.
  1978 | D:3      | 1978 ||| ENCHANTING +0 shortbow.
  2002 | D:4      | Noticed a lemure
  2004 | D:4      | Noticed a lemure
  2005 | D:4      | 2005 ||| RETREEEEATING.
  2006 | D:4      | 2006 ||| RETREEEEATING.
  2010 | D:4      | Noticed a black bear
  2010 | D:4      | Noticed a lemure
  2013 | D:4      | Killed a lemure
  2013 | D:4      | Noticed Pikel
  2014 | D:4      | Noticed a lemure
  2019 | D:4      | HP: 1/23 [black bear (7)]
  2020 | D:4      | 2020 ||| READING scroll of teleportation.
  2020 | D:4      | Slain by a black bear

Levels and vault maps discovered:
D:1:      dpeg_arrival_signposts, layout_basic, dreamdust_princess_corridor,
          solitary_fountain
D:2:      layout_rooms, grunt_ministairs_12, minmay_3d_cube
D:3:      layout_rooms, chequers_serial_rivers_small_b, kennysheep_nondescript,
          kennysheep_generic_room_8
D:4:      layout_loops_ring, temple_fountains, serial_shops, shop,
          nrook_mini_backslash, hangedman_abyss_or_decor_stagger, uniq_pikel

Skill      XL: |  1  2  3  4 |
---------------+-------------+-----
Dodging        | 3 4 5 |  5.1
Ranged Weapons | 5 |  5.1
Fighting       | |  1.8
Stealth        | |  1.5

Action                     |  1- 3 |  4- 6 || total
---------------------------+-------+-------++-------
   Fire: Shortbow          |   117 |    40 ||   157
    Use: Scroll            |     2 |     7 ||     9
 Armour: Robe              |     6 |     7 ||    13
  Dodge: Dodged            |    27 |    20 ||    47

Table legend:
 A = Non-vault XP
 B = Vault XP
 C = Vault XP percentage of total XP
 D = Non-vault monster count
 E = Vault monster count
 F = Vault count percentage of total count
                 A         B        C        D         E       F
            +---------+---------+-------+---------+---------+-------
      Total |     152 |      26 |  14.6 |      48 |       8 |  14.3
            +---------+---------+-------+---------+---------+-------
        D:1 |      26 |       0 |   0.0 |      18 |       0 |   0.0
        D:2 |      75 |      12 |  13.8 |      21 |       6 |  22.2
        D:3 |      51 |      14 |  21.5 |       9 |       2 |  18.2
            +---------+---------+-------+---------+---------+-------
